[Event "Team 45 45 League T92"]
[Site "Internet Chess Club"]
[Date "2022.04.29"]
[Round "3"]
[White "KidRattler"]
[Black "Packerfan"]
[Result "0-1"]
[WhiteElo "1697"]
[BlackElo "1771"]
[Opening "Two knights defense"]
[ECO "C56"]
[Time "14:31:57"]
[PlyCount "40"]
[TimeControl "2700+45"]

1. e4 e5 2. Nf3 Nc6 3. d4 exd4 4. Bc4 Nf6 5. O-O Nxe4 6. Re1 d5 7. Bxd5 Qxd5 8.
Nc3 Qa5 9. Nxe4 Be6 10. Bg5 Bb4 11. Nxd4 Bxe1 12. Nxe6 fxe6 13. Qh5+ g6 14. Nf6+
Kf7 15. Qh4 Bb4 16. Ng4 Bf8 17. Rd1 Bg7 18. Rd7+ Ke8 19. Bd2 Qxa2 20. Rxg7 Qb1+
{White resigns} 0-1

[Event "Team 45 45 League T92"]
[Site "Internet Chess Club"]
[Date "2022.04.29"]
[Round "3"]
[White "RD1974"]
[Black "fhunfi"]
[Result "0-1"]
[WhiteElo "1564"]
[BlackElo "1750"]
[Opening "Queen's pawn"]
[ECO "A40"]
[Time "18:00:46"]
[PlyCount "48"]
[TimeControl "2700+45"]

1. d4 e6 2. Nf3 f5 3. Nc3 Bb4 4. Qd3 Nf6 5. Bg5 O-O 6. a3 Bxc3+ 7. Qxc3 d6 8. e3
b6 9. Bd3 Bb7 10. Qb3 Qe8 11. O-O Kh8 12. c4 Nbd7 13. Bh4 Qh5 14. Bxf6 Rxf6 15.
Ne1 Rh6 16. h3 Nf6 17. Qd1 Qh4 18. Nf3 Qh5 19. Ne1 Qg6 20. Kh2 Ng4+ 21. Kg1 Rxh3
22. f3 Rh1+ 23. Kxh1 Qh6+ 24. Kg1 Qh2# {White checkmated} 0-1

[Event "Team 45 45 League T92"]
[Site "Internet Chess Club"]
[Date "2022.04.28"]
[Round "3"]
[White "evan7284"]
[Black "tightfist"]
[Result "1-0"]
[WhiteElo "1598"]
[BlackElo "1463"]
[Opening "Queen's pawn: Chigorin variation"]
[ECO "D00"]
[Time "14:34:52"]
[PlyCount "141"]
[TimeControl "2700+45"]

1. d4 d5 2. Nc3 Nf6 3. Bf4 a6 4. e3 Bg4 5. f3 Bd7 6. Bd3 e6 7. Nge2 c5 8. dxc5
Bxc5 9. Qd2 O-O 10. Bg5 Bc6 11. O-O Nbd7 12. Nd4 Qb6 13. Nxc6 Qxc6 14. Kh1 h6
15. Bh4 Rac8 16. Ne2 Qb6 17. Bf2 Ne5 18. Nd4 Nxd3 19. cxd3 Bb4 20. Qe2 Rc7 21.
Rfc1 Rfc8 22. Nb3 Rxc1+ 23. Rxc1 Rxc1+ 24. Nxc1 Qc5 25. Nb3 Qc7 26. Bg3 Bd6 27.
Bxd6 Qxd6 28. Qc2 Qd7 29. Qc5 e5 30. Qc3 e4 31. fxe4 dxe4 32. d4 Nd5 33. Qd2 Qa4
34. Qa5 Qc4 35. Qe1 Nxe3 36. Kg1 Qd3 37. h3 Qd1 38. Qxd1 Nxd1 39. Nc5 e3 40. Kf1
Nxb2 41. Nxb7 g5 42. Ke2 Nc4 43. Kd3 f5 44. Nc5 Kf7 45. Kxc4 e2 46. Nd3 f4 47.
Ne1 Ke6 48. Kd3 Kd5 49. Nf3 h5 50. Kxe2 g4 51. hxg4 hxg4 52. Nh2 Kxd4 53. Nxg4
Ke4 54. Nf2+ Ke5 55. Kf3 Kf5 56. Nd3 a5 57. Nxf4 a4 58. a3 Ke5 59. Nd3+ Kd4 60.
Nb2 Kc3 61. Nxa4+ Kb3 62. Nc5+ Kxa3 63. Ke4 Kb4 64. Ne6 Kb5 65. g4 Kc6 66. Ke5
Kd7 67. Kf6 Ke8 68. g5 Kd7 69. g6 Ke8 70. g7 Kd7 71. g8=Q {Black resigns} 1-0

[Event "Team 45 45 League T92"]
[Site "Internet Chess Club"]
[Date "2022.04.29"]
[Round "3"]
[White "achessman"]
[Black "cadmiumorange"]
[Result "1-0"]
[WhiteElo "1858"]
[BlackElo "1796"]
[Opening "Queen's pawn game"]
[ECO "A46"]
[Time "14:14:23"]
[PlyCount "103"]
[TimeControl "2700+45"]

1. d4 Nf6 2. Nf3 d6 3. g3 Nbd7 4. Bg2 e5 5. O-O Be7 6. b3 e4 7. Ng5 d5 8. c4 h6
9. Nh3 c6 10. cxd5 cxd5 11. Nc3 Nf8 12. Bf4 Ng6 13. Be5 Be6 14. Nf4 Nxf4 15.
Bxf4 Qd7 16. f3 Bh3 17. Be5 Bxg2 18. Kxg2 Rc8 19. Na4 b6 20. Bxf6 Bxf6 21. fxe4
dxe4 22. e3 b5 23. Nc5 Rxc5 24. dxc5 Bxa1 25. Qxa1 O-O 26. Qd4 Qg4 27. Rf4 Qe2+
28. Rf2 Qg4 29. Qd5 h5 30. h3 Qg6 31. Rf4 Re8 32. Qd7 Qe6 33. Qxa7 Rd8 34. Rf2
h4 35. g4 f6 36. Qb6 Qxb6 37. cxb6 Rb8 38. Rf4 Rxb6 39. Rxe4 Ra6 40. a4 bxa4 41.
bxa4 Kf7 42. Kf3 g5 43. Rb4 Kg6 44. Ke4 Re6+ 45. Kf3 f5 46. gxf5+ Kxf5 47. a5
Re5 48. Ra4 Re7 49. a6 Ra7 50. Ra5+ Kg6 51. Kg4 Kf6 52. e4 {Black resigns} 1-0

[Event "Team 45 45 League T92"]
[Site "Internet Chess Club"]
[Date "2022.04.28"]
[Round "3"]
[White "hipopotamos"]
[Black "BuddyT"]
[Result "0-1"]
[WhiteElo "1694"]
[BlackElo "1588"]
[Opening "Sicilian: Anderssen variation"]
[ECO "B41"]
[Time "22:01:43"]
[PlyCount "94"]
[TimeControl "2700+45"]

1. e4 c5 2. Nf3 e6 3. d4 cxd4 4. Nxd4 Nf6 5. Nc3 Nc6 6. Bc4 Bb4 7. Qd3 Ne5 8.
Qe2 Bxc3+ 9. bxc3 Nxc4 10. Qxc4 Nxe4 11. Nb5 d5 12. Qd4 O-O 13. Bf4 Bd7 14. f3
Bxb5 15. fxe4 dxe4 16. Qxe4 Qa5 17. Bd2 Bc6 18. Qe2 Qd5 19. c4 Qxg2 20. Qxg2
Bxg2 21. Rg1 Be4 22. h4 h5 23. Rg5 g6 24. Rb1 b6 25. Kd1 Rac8 26. Rb4 Rfd8 27.
c3 Bd3 28. c5 bxc5 29. Rb7 c4 30. Rxa7 Rb8 31. Ke1 Rb1+ 32. Kf2 Rb2 33. Ke1 Bf5
34. Be3 e5 35. Rxf5 gxf5 36. Bg5 Rd3 37. Re7 Rh3 38. Re8+ Kh7 39. Bd2 Rh2 40.
Re7 Rbxd2 41. Rxf7+ Kg6 42. Ra7 Rb2 43. Ra6+ Kf7 44. Ra7+ Ke6 45. Ra6+ Kd5 46.
Ra5+ Ke4 47. Rd5 Rh1# {White checkmated} 0-1

[Event "Team 45 45 League T92"]
[Site "Internet Chess Club"]
[Date "2022.05.01"]
[Round "3"]
[White "kabindra"]
[Black "Timmah4651"]
[Result "1-0"]
[WhiteElo "1671"]
[BlackElo "1643"]
[Opening "Giuoco Piano"]
[ECO "C50"]
[Time "18:01:46"]
[PlyCount "47"]
[TimeControl "2700+45"]

1. e4 e5 2. Bc4 Nc6 3. Nf3 Bc5 4. O-O d6 5. d4 Nxd4 6. Nxd4 Bxd4 7. c3 Bb6 8. a4
a6 9. a5 Ba7 10. Qh5 Qf6 11. Be3 Qg6 12. Qh4 Nf6 13. Bxa7 Rxa7 14. Nd2 O-O 15.
f4 Nxe4 16. fxe5 d5 17. Bxd5 Ng5 18. Ne4 Ne6 19. Qe7 c6 20. Bxe6 Qxe6 21. Qc5
Ra8 22. Rad1 Qg4 23. Rd4 Be6 24. Nf6+ {Black resigns} 1-0

[Event "Team 45 45 League T92"]
[Site "Internet Chess Club"]
[Date "2022.04.30"]
[Round "3"]
[White "fireball"]
[Black "zethhon"]
[Result "0-1"]
[WhiteElo "1575"]
[BlackElo "1506"]
[Opening "Sicilian: Smith-Morra gambit"]
[ECO "B21"]
[Time "19:01:03"]
[PlyCount "72"]
[TimeControl "2700+45"]

1. e4 c5 2. d4 cxd4 3. c3 d3 4. Bxd3 Nc6 5. Nf3 d6 6. O-O Nf6 7. Bg5 e6 8. Qe2
Be7 9. Rd1 h6 10. Bh4 Qc7 11. e5 dxe5 12. Bb5 e4 13. Nd4 Bd7 14. Bxf6 Bxf6 15.
Qxe4 Nxd4 16. Bxd7+ Qxd7 17. cxd4 O-O 18. Nc3 Rfd8 19. Ne2 Rac8 20. h3 Qd5 21.
Qg4 Rc2 22. Nc3 Qc4 23. Rac1 Rxc1 24. Rxc1 Qxd4 25. Qf3 Qb6 26. Na4 Qb4 27. b3
b5 28. Nc5 Rc8 29. Nd3 Rxc1+ 30. Nxc1 Qe1+ 31. Kh2 Qxc1 32. Qa8+ Kh7 33. Qxa7
Qf4+ 34. Kg1 Bd4 35. Qb7 Qxf2+ 36. Kh2 Be5+ {White resigns} 0-1

[Event "Team 45 45 League T92"]
[Site "Internet Chess Club"]
[Date "2022.04.29"]
[Round "3"]
[White "BuddyT"]
[Black "fishhead"]
[Result "0-1"]
[WhiteElo "1578"]
[BlackElo "1735"]
[Opening "Grünfeld defense"]
[ECO "D80"]
[Time "17:04:57"]
[PlyCount "60"]
[TimeControl "2700+45"]

1. d4 Nf6 2. c4 g6 3. Nc3 d5 4. Bd2 Bg7 5. cxd5 Nxd5 6. e4 Nxc3 7. Bxc3 c5 8.
Bb5+ Nc6 9. d5 Bxc3+ 10. bxc3 a6 11. Qa4 axb5 12. Qxa8 Ne5 13. Rd1 O-O 14. Qa3
Qb6 15. Ne2 f5 16. O-O f4 17. f3 Nc4 18. Qc1 g5 19. Rd3 Bd7 20. Kh1 Qh6 21. Rg1
Ra8 22. Qb1 Ne5 23. g3 Kh8 24. gxf4 gxf4 25. Nc1 Be8 26. Qb2 c4 27. Qg2 Bh5 28.
Qg5 Qxg5 29. Rxg5 cxd3 30. Rxh5 d2 {White resigns} 0-1

[Event "Team 45 45 League T92"]
[Site "Internet Chess Club"]
[Date "2022.04.29"]
[Round "3"]
[White "walkover"]
[Black "Portola"]
[Result "0-1"]
[WhiteElo "1669"]
[BlackElo "1662"]
[Opening "Catalan: closed, Botvinnik variation"]
[ECO "D37"]
[Time "12:00:49"]
[PlyCount "92"]
[TimeControl "2700+45"]

1. d4 d5 2. c4 e6 3. Nf3 Nf6 4. Nc3 Be7 5. g3 O-O 6. Bg2 Nbd7 7. O-O c6 8. Qd3
b6 9. e4 dxe4 10. Nxe4 Bb7 11. Bf4 Qc8 12. Nd6 Bxd6 13. Bxd6 Re8 14. Rfe1 c5 15.
Rad1 cxd4 16. Nxd4 Bxg2 17. Kxg2 Nc5 18. Qc2 Qb7+ 19. f3 Rad8 20. Nb5 Rd7 21. b4
Na6 22. a3 Red8 23. Qe2 Nb8 24. Be5 Ne8 25. Bb2 a6 26. Nc3 Qc7 27. Nd5 Qb7 28.
Nf4 Qc6 29. Rxd7 Qxd7 30. Bc3 Nc6 31. Qe3 b5 32. c5 Nc7 33. Re2 Qe7 34. Qe4 Nd5
35. Nxd5 Rxd5 36. Qg4 g6 37. Qf4 Qd8 38. Qh6 Qf8 39. Qe3 Ne7 40. Rd2 Nf5 41. Qe2
Qd8 42. Rxd5 exd5 43. g4 d4 44. gxf5 dxc3 45. Kg3 Qg5+ 46. Kf2 Qxf5 {White
forfeits on time} 0-1

[Event "Team 45 45 League T92"]
[Site "Internet Chess Club"]
[Date "2022.05.02"]
[Round "3"]
[White "Ajolote"]
[Black "cyborg86"]
[Result "1/2-1/2"]
[WhiteElo "2002"]
[BlackElo "2273"]
[Opening "French: Steinitz variation"]
[ECO "C11"]
[Time "14:15:18"]
[PlyCount "27"]
[TimeControl "2700+45"]

1. e4 e6 2. d4 d5 3. Nc3 Nf6 4. e5 Nfd7 5. Nce2 c5 6. c3 Nc6 7. Nf3 Qb6 8. a3 a5
9. Nf4 a4 10. h4 Qa5 11. Bd2 Qb6 12. Bc1 Qa5 13. Bd2 Qb6 14. Bc1 {Game drawn by
repetition} 1/2-1/2

[Event "Team 45 45 League T92"]
[Site "Internet Chess Club"]
[Date "2022.05.02"]
[Round "3"]
[White "timcent"]
[Black "kasraei"]
[Result "0-1"]
[WhiteElo "1846"]
[BlackElo "1739"]
[Opening "QGD Slav: 3.Nf3"]
[ECO "D11"]
[Time "14:30:16"]
[PlyCount "106"]
[TimeControl "2700+45"]

1. d4 d5 2. c4 c6 3. Nf3 Bf5 4. Nc3 Nf6 5. cxd5 cxd5 6. Qb3 Qc7 7. Bf4 Qb6 8.
Nxd5 Nxd5 9. Qxd5 Qxb2 10. Rc1 Bd7 11. Qb3 Qxb3 12. axb3 e6 13. e3 Bb4+ 14. Nd2
Nc6 15. Bd3 Na5 16. Rb1 Ke7 17. Ke2 Rhc8 18. Nc4 Nc6 19. Rhc1 b5 20. Ne5 Nxe5
21. Bxe5 f6 22. Bg3 h5 23. Be4 Rxc1 24. Rxc1 Rc8 25. Rc7 Rxc7 26. Bxc7 Be8 27.
Bd3 Bc6 28. f3 h4 29. h3 a5 30. e4 a4 31. bxa4 bxa4 32. Bf4 Bc3 33. Be3 a3 34.
Bb1 Bb5+ 35. Kd1 Bc4 36. Kc2 Bb2 37. f4 f5 38. exf5 exf5 39. Bc1 Bxc1 40. Kxc1
a2 41. Bxa2 Bxa2 42. Kd2 Kd6 43. Ke3 Kd5 44. Kf3 Kxd4 45. g3 Bd5+ 46. Kf2 Ke4
47. gxh4 Kxf4 48. h5 Kg5 49. Kg3 Kxh5 50. Kf4 Be4 51. Kg3 g5 52. Kh2 Kh4 53. Kg1
Kxh3 {White resigns} 0-1

[Event "Team 45 45 League T92"]
[Site "Internet Chess Club"]
[Date "2022.04.30"]
[Round "3"]
[White "Timmah4651"]
[Black "Alec-hine"]
[Result "0-1"]
[WhiteElo "1659"]
[BlackElo "1628"]
[Opening "French: Winawer, advance, poisoned pawn variation"]
[ECO "C18"]
[Time "10:02:48"]
[PlyCount "52"]
[TimeControl "2700+45"]

1. e4 e6 2. d4 d5 3. Nc3 Bb4 4. e5 c5 5. a3 Bxc3+ 6. bxc3 Ne7 7. Qg4 Qc7 8. Be3
Nf5 9. Bd3 cxd4 10. Bxd4 Nxd4 11. Qxd4 Nc6 12. Bb5 O-O 13. Bxc6 bxc6 14. Ne2 Ba6
15. Kd2 c5 16. Qe3 Rfd8 17. Rhd1 d4 18. cxd4 cxd4 19. Nxd4 Rxd4+ 20. Qxd4 Rd8
21. Qxd8+ Qxd8+ 22. Ke3 Qc7 23. Rd6 Qc3+ 24. Ke4 Bb7+ 25. Kf4 g5+ 26. Kxg5 Qxe5+
{White resigns} 0-1

[Event "Team 45 45 League T92"]
[Site "Internet Chess Club"]
[Date "2022.04.29"]
[Round "3"]
[White "mnpaulson"]
[Black "fireball"]
[Result "1-0"]
[WhiteElo "1527"]
[BlackElo "1599"]
[Opening "Budapest: Rubinstein variation"]
[ECO "A52"]
[Time "10:03:45"]
[PlyCount "59"]
[TimeControl "2700+45"]

1. d4 Nf6 2. c4 e5 3. dxe5 Ng4 4. Bf4 Nc6 5. Nf3 Bb4+ 6. Nbd2 Qe7 7. e3 Ngxe5 8.
Nxe5 Nxe5 9. Be2 b6 10. a3 Bd6 11. O-O Bb7 12. Bg3 O-O-O 13. b4 f5 14. Re1 g5
15. Qc2 Rdf8 16. h3 h5 17. Nb3 f4 18. exf4 gxf4 19. Bh2 Qg5 20. Bf1 Nf3+ 21. Kh1
Nxe1 22. Rxe1 Rhg8 23. f3 Re8 24. Rd1 Re6 25. c5 bxc5 26. bxc5 Be7 27. Qd2 Rd8
28. Bxf4 Qg7 29. Qa5 a6 30. Qxc7# {Black checkmated} 1-0

[Event "Team 45 45 League T92"]
[Site "Internet Chess Club"]
[Date "2022.05.01"]
[Round "3"]
[White "Dlugy"]
[Black "Sloggi"]
[Result "1-0"]
[WhiteElo "2005"]
[BlackElo "1984"]
[Opening "Queen's pawn, Mason variation"]
[ECO "D00"]
[Time "22:03:54"]
[PlyCount "123"]
[TimeControl "2700+45"]

1. d4 d5 2. Bf4 Nf6 3. e3 c5 4. dxc5 Qa5+ 5. Nc3 e6 6. a3 Qxc5 7. Nb5 Na6 8. b4
Qb6 9. c4 dxc4 10. Bxc4 Bd7 11. Nd6+ Bxd6 12. Qxd6 Qxd6 13. Bxd6 Rc8 14. Bxa6
bxa6 15. Nf3 Ne4 16. Be5 O-O 17. O-O Ba4 18. Rfc1 f6 19. Bd4 e5 20. Bxa7 Nc3 21.
Kh1 Ne4 22. Kg1 Nc3 23. Kf1 Ne4 24. Ke1 Kf7 25. Ng1 Rfd8 26. Ne2 Rxc1+ 27. Rxc1
Rd3 28. f3 Nd6 29. Nc3 Bb3 30. a4 Bc4 31. Ne4 Nxe4 32. Rxc4 Nc3 33. Rc7+ Kg6 34.
h4 h5 35. Rc6 Rd1+ 36. Kf2 Rd2+ 37. Kg1 Nxa4 38. Rxa6 Nc3 39. Bc5 e4 40. Rd6 Rb2
41. f4 Kf5 42. Kh2 Ne2 43. Rd7 g6 44. Rd5+ Ke6 45. Rd6+ Kf5 46. Rb6 g5 47. fxg5
fxg5 48. Be7 gxh4 49. Rf6+ Ke5 50. Rf2 Kd5 51. Bxh4 Kc4 52. Be7 Kd3 53. Bc5 Rb1
54. Rf5 h4 55. Rd5+ Kc4 56. Rh5 Ng3 57. Rxh4 Nf1+ 58. Kh3 Kd3 59. Rh8 Nxe3 60.
Rd8+ Ke2 61. Kg3 Nd5 62. Rxd5 {Black resigns} 1-0

[Event "Team 45 45 League T92"]
[Site "Internet Chess Club"]
[Date "2022.05.01"]
[Round "3"]
[White "pmarcal"]
[Black "cadmiumorange"]
[Result "1-0"]
[WhiteElo "1730"]
[BlackElo "1756"]
[Opening "Scandinavian defense"]
[ECO "B01"]
[Time "08:36:02"]
[PlyCount "83"]
[TimeControl "2700+45"]

1. e4 d5 2. exd5 Nf6 3. d4 Bg4 4. Bb5+ c6 5. dxc6 Nxc6 6. Nf3 Qb6 7. Bxc6+ Qxc6
8. O-O Bxf3 9. Qxf3 Qxf3 10. gxf3 g6 11. c4 Rc8 12. b3 Bg7 13. Be3 Nd7 14. Nd2
O-O 15. Rab1 e5 16. d5 f5 17. f4 e4 18. Rfc1 b6 19. b4 Nf6 20. Nb3 b5 21. cxb5
Nxd5 22. Bxa7 Nxf4 23. Rxc8 Rxc8 24. Nc5 Ne2+ 25. Kf1 Nc3 26. Rb3 Nxb5 27. Bb6
Nd6 28. Ne6 Nc4 29. Be3 Be5 30. Kg2 Rc6 31. Nd4 Nxe3+ 32. fxe3 Bxd4 33. exd4 f4
34. Rb2 g5 35. b5 Rc8 36. b6 Kf7 37. b7 Rb8 38. a4 Ke6 39. a5 Kd5 40. a6 Kxd4
41. a7 f3+ 42. Kg3 {Black resigns} 1-0

[Event "Team 45 45 League T92"]
[Site "Internet Chess Club"]
[Date "2022.05.02"]
[Round "3"]
[White "KidRattler"]
[Black "rubwin"]
[Result "1/2-1/2"]
[WhiteElo "1684"]
[BlackElo "1308"]
[Opening "Evans gambit"]
[ECO "C51"]
[Time "20:04:22"]
[PlyCount "231"]
[TimeControl "2700+45"]

1. e4 e5 2. Nf3 Nc6 3. Bc4 Bc5 4. b4 Bxb4 5. c3 Bc5 6. O-O Nf6 7. d4 exd4 8.
cxd4 Bb4 9. a3 Be7 10. e5 Ng4 11. h3 Nh6 12. Bxh6 gxh6 13. Nc3 d6 14. Re1 dxe5
15. Nxe5 Nxe5 16. Rxe5 O-O 17. Nd5 Bf6 18. Rh5 c6 19. Nxf6+ Qxf6 20. Qd2 Kg7 21.
Re1 Be6 22. Bxe6 fxe6 23. Re3 Qf4 24. Rg3+ Kh8 25. Qxf4 Rxf4 26. Rxh6 Rxd4 27.
Rxe6 Rd7 28. f4 Rg8 29. Rge3 c5 30. f5 Rf8 31. g4 Rdf7 32. h4 Rf6 33. Rxf6 Rxf6
34. Re5 Rc6 35. g5 Kg7 36. Re7+ Kg8 37. h5 c4 38. Rxb7 c3 39. Rb8+ Kf7 40. g6+
hxg6 41. fxg6+ Kf6 42. Rf8+ Kg7 43. Rf7+ Kg8 44. Rf1 c2 45. Rc1 Kg7 46. Kf2 Rc5
47. Ke3 Rxh5 48. Rxc2 Rh3+ 49. Kf4 Rxa3 50. Rc6 Ra4+ 51. Kf5 Ra5+ 52. Ke4 Ra4+
53. Kd5 Ra5+ 54. Kc4 Rg5 55. Rc7+ Kxg6 56. Rxa7 Rg4+ 57. Kd5 Rg5+ 58. Ke4 Rg4+
59. Kf3 Rg5 60. Ra8 Rf5+ 61. Ke4 Rg5 62. Ra6+ Kh5 63. Rf6 Rg4+ 64. Kf3 Rg5 65.
Rf8 Kh6 66. Kf4 Rg7 67. Kf5 Rg5+ 68. Kf4 Rg7 69. Rf5 Rg6 70. Rd5 Rf6+ 71. Kg4
Rg6+ 72. Kh4 Kh7 73. Kh5 Rh6+ 74. Kg5 Rg6+ 75. Kf5 Rh6 76. Rd7+ Kg8 77. Kg5 Ra6
78. Rb7 Rc6 79. Kf5 Ra6 80. Ke5 Rh6 81. Kd5 Rg6 82. Rb8+ Kg7 83. Ke5 Ra6 84. Rb5
Rh6 85. Rb3 Rg6 86. Kf5 Ra6 87. Rb5 Rf6+ 88. Ke5 Rh6 89. Rb8 Ra6 90. Rb7+ Kg8
91. Kf5 Rc6 92. Rd7 Ra6 93. Kg5 Rb6 94. Rd8+ Kf7 95. Rd5 Ra6 96. Rf5+ Ke7 97.
Rf2 Re6 98. Kh4 Rf6 99. Rc2 Kf7 100. Kh5 Rf5+ 101. Kg4 Rf6 102. Kh5 Rf5+ 103.
Kh6 Rf6+ 104. Kh7 Ke6 105. Kg7 Rf1 106. Rg2 Ke5 107. Kg6 Ke4 108. Kg5 Ke3 109.
Kg4 Rf4+ 110. Kg3 Rf3+ 111. Kg4 Rf4+ 112. Kg5 Rf8 113. Rh2 Rg8+ 114. Kf6 Rf8+
115. Kg7 Rf2 116. Rh7 {Game drawn by the 50 move rule} 1/2-1/2

[Event "Team 45 45 League T92"]
[Site "Internet Chess Club"]
[Date "2022.04.30"]
[Round "3"]
[White "ElValero"]
[Black "Constrictor"]
[Result "1/2-1/2"]
[WhiteElo "1743"]
[BlackElo "1460"]
[Opening "Queen's pawn game, Darooha variation "]
[ECO "D11"]
[Time "12:03:42"]
[PlyCount "81"]
[TimeControl "2700+45"]

1. Nf3 d5 2. d4 Nf6 3. c4 c6 4. Qc2 dxc4 5. Qxc4 Qd5 6. Qa4 Nbd7 7. Nc3 Qd6 8.
g3 Nb6 9. Qd1 g6 10. Bg2 Bg7 11. O-O O-O 12. e4 Qd8 13. h3 Be6 14. b3 Qd7 15.
Kh2 Rfd8 16. Be3 h6 17. a4 Rac8 18. a5 Na8 19. Ne5 Qe8 20. Na4 Nxe4 21. Nxf7
Qxf7 22. Bxe4 Bxb3 23. Qb1 Bxd4 24. Bxd4 Rxd4 25. Nc5 Bd5 26. Qxb7 Rf8 27. Bxd5
Rxd5 28. Qxa7 Rd2 29. Ne4 Re2 30. Qd4 Qf3 31. Ra4 Nc7 32. Qc4+ Nd5 33. Qxc6 Ne3
34. Qxg6+ Kh8 35. Qxh6+ Kg8 36. Qg6+ Kh8 37. Qh6+ Kg8 38. Qe6+ Kh8 39. Qh6+ Kg8
40. Qg5+ Kh8 41. Qh6+ {Game drawn by repetition} 1/2-1/2

[Event "Team 45 45 League T92"]
[Site "Internet Chess Club"]
[Date "2022.05.03"]
[Round "3"]
[White "Chess4Him"]
[Black "kabindra"]
[Result "1/2-1/2"]
[WhiteElo "1480"]
[BlackElo "1663"]
[Opening "Queen's pawn, Mason variation"]
[ECO "D00"]
[Time "17:33:11"]
[PlyCount "62"]
[TimeControl "2700+45"]

1. d4 d5 2. Bf4 Bf5 3. e3 e6 4. Nf3 Nc6 5. c3 Nf6 6. Bd3 Ne4 7. Qc2 Bd6 8. Bxd6
Nxd6 9. Bxf5 Nxf5 10. Nbd2 Nd6 11. O-O Qf6 12. a4 h5 13. b4 h4 14. h3 g5 15. Nh2
Qg7 16. e4 dxe4 17. Nxe4 f5 18. Nc5 Rh6 19. Rfe1 Kf7 20. Qe2 Re8 21. Qf3 Kg8 22.
Nxb7 Ne4 23. Re2 e5 24. d5 Ne7 25. c4 Rf8 26. Nc5 g4 27. Nxg4 fxg4 28. Qxe4 gxh3
29. Ne6 Rxe6 30. dxe6 Rf4 31. Qa8+ Rf8 {Game drawn by mutual agreement} 1/2-1/2

[Event "Team 45 45 League T92"]
[Site "Internet Chess Club"]
[Date "2022.05.02"]
[Round "3"]
[White "jjmolina1"]
[Black "BrerRabbit"]
[Result "1-0"]
[WhiteElo "1460"]
[BlackElo "1383"]
[Opening "Scandinavian (center counter) defense"]
[ECO "B01"]
[Time "11:01:35"]
[PlyCount "105"]
[TimeControl "2700+45"]

1. e4 d5 2. exd5 Qxd5 3. Nc3 Qd8 4. d3 Nf6 5. Be2 Nc6 6. Bf4 e5 7. Bg5 Be7 8.
Nf3 O-O 9. O-O h6 10. Bh4 Be6 11. Re1 Nh5 12. Bxe7 Qxe7 13. Nxe5 Nxe5 14. Bxh5
Nc6 15. Bg4 Qd7 16. Bxe6 fxe6 17. Ne4 Qd4 18. c3 Qd5 19. Re3 Rf7 20. f3 Raf8 21.
Qb3 b6 22. Rae1 Nd8 23. d4 Nc6 24. Nd2 Nd8 25. Re5 Qxb3 26. Nxb3 a5 27. a4 Rf5
28. Kf2 R8f7 29. Nc1 Rf8 30. Nd3 R8f7 31. b3 Rf8 32. R5e3 R8f7 33. Ne5 Rf8 34.
Ng6 R8f7 35. Re5 Kh7 36. Rxf5 exf5 37. Ne5 Rf6 38. Nd7 Rc6 39. Re3 Nb7 40. Ne5
Rf6 41. Nd7 Rf7 42. Ne5 Rf6 43. Nc4 Rf7 44. Re8 g6 45. Rb8 Nd6 46. Nxd6 cxd6 47.
Rxb6 d5 48. Ke2 Re7+ 49. Kd2 f4 50. Rb5 Re3 51. Rxd5 h5 52. Rxa5 h4 53. h3
{Black resigns} 1-0

[Event "Team 45 45 League T92"]
[Site "Internet Chess Club"]
[Date "2022.04.29"]
[Round "3"]
[White "Ostap-Bender"]
[Black "isolani"]
[Result "1/2-1/2"]
[WhiteElo "1273"]
[BlackElo "1315"]
[Opening "Old Indian defense"]
[ECO "A53"]
[Time "19:00:35"]
[PlyCount "126"]
[TimeControl "2700+45"]

1. d4 Nf6 2. c4 d6 3. Nf3 c6 4. Nc3 Bf5 5. e3 e6 6. Bd3 Bg6 7. O-O Be7 8. b3
Nbd7 9. Bb2 d5 10. Re1 Ne4 11. Qc2 Ndf6 12. Ne5 Bd6 13. c5 Bxe5 14. dxe5 Nd7 15.
Nxe4 dxe4 16. Bxe4 Bxe4 17. Qxe4 Nxc5 18. Qd4 Qxd4 19. exd4 Nd3 20. Re2 Nxb2 21.
Rxb2 O-O-O 22. Rd2 Rd5 23. b4 Rhd8 24. Rad1 b6 25. Kf1 c5 26. bxc5 bxc5 27. Rc2
Rxe5 28. Re2 Rxe2 29. Kxe2 Rxd4 30. Rc1 Rd5 31. Ke3 Kc7 32. Rc4 Kb6 33. Rf4 Rd7
34. Rg4 f6 35. a4 e5 36. f4 h5 37. Rh4 Rd4 38. Rxh5 Rxf4 39. Rh8 Rxa4 40. Rb8+
Kc6 41. h3 f5 42. Rg8 Ra3+ 43. Kf2 Kd5 44. Rxg7 Ke4 45. Rc7 Ra5 46. h4 Kf4 47.
h5 Kg5 48. Rh7 Ra2+ 49. Kg3 c4 50. Rc7 Ra4 51. Rc5 Kxh5 52. Rxe5 Kg5 53. Rc5
Ra3+ 54. Kf2 c3 55. Ke2 Kf4 56. g3+ Ke4 57. Rc4+ Kd5 58. Rf4 Ke5 59. Kd3 a5 60.
Rc4 c2+ 61. Kxc2 Rxg3 62. Rc5+ Ke4 63. Rxa5 Rg6 {Game drawn by mutual agreement}
1/2-1/2

[Event "Team 45 45 League T92"]
[Site "Internet Chess Club"]
[Date "2022.04.29"]
[Round "3"]
[White "clarinetref"]
[Black "marioseixas1992"]
[Result "0-1"]
[WhiteElo "1446"]
[BlackElo "1528"]
[Opening "Sicilian defense"]
[ECO "B20"]
[Time "08:05:15"]
[PlyCount "102"]
[TimeControl "2700+45"]

1. e4 c5 2. b3 Nc6 3. Bb2 e5 4. Bc4 Nge7 5. Nc3 g6 6. Nge2 Bg7 7. O-O O-O 8. Rb1
b6 9. f4 d6 10. d3 a6 11. a4 Rb8 12. Qe1 Nd4 13. Nxd4 cxd4 14. Nd5 b5 15. Nxe7+
Qxe7 16. axb5 axb5 17. Bd5 exf4 18. Qf2 Qe5 19. Qxf4 Qxf4 20. Rxf4 Bb7 21. Bxb7
Rxb7 22. Rbf1 Rc7 23. R4f2 Rfc8 24. Ba3 Be5 25. Rc1 Kg7 26. Bb4 h5 27. Ba5 Ra7
28. Bd2 Ra2 29. Bg5 f6 30. Bh4 g5 31. Bg3 h4 32. Bxe5 dxe5 33. c4 Ra3 34. Rb2
bxc4 35. dxc4 f5 36. Re1 fxe4 37. Rxe4 Ra1+ 38. Kf2 Rf8+ 39. Ke2 Rff1 40. Kd3
Kf6 41. c5 Rac1 42. b4 Rfd1+ 43. Rd2 Rc3+ 44. Ke2 Rb1 45. Rd3 Rb2+ 46. Rd2 Rxb4
47. Ra2 Rxc5 48. Ra6+ Kf5 49. Kd3 Rc3+ 50. Kd2 Rb2+ 51. Kd1 Kxe4 {White resigns}
0-1

[Event "Team 45 45 League T92"]
[Site "Internet Chess Club"]
[Date "2022.04.30"]
[Round "3"]
[White "WillC"]
[Black "Electryon"]
[Result "1-0"]
[WhiteElo "1543"]
[BlackElo "1450"]
[Opening "French: Schlechter variation"]
[ECO "C01"]
[Time "10:01:00"]
[PlyCount "165"]
[TimeControl "2700+45"]

1. d4 e6 2. e4 d5 3. Bd3 c5 4. c3 cxd4 5. Bb5+ Bd7 6. Bxd7+ Qxd7 7. Qxd4 Nc6 8.
Qe3 dxe4 9. Qxe4 Nf6 10. Qe2 Be7 11. Nf3 O-O 12. O-O Rfd8 13. Be3 a6 14. Nbd2 b5
15. Rfd1 Qc7 16. a3 Rd7 17. Nb3 Rad8 18. Rxd7 Rxd7 19. Rd1 Qd8 20. Rxd7 Qxd7 21.
g3 Qd5 22. Nbd4 Ne5 23. Nxe5 Qxe5 24. Nc6 Qd6 25. Nd4 Nd5 26. Bd2 Bf6 27. Nf3
Nb6 28. Bf4 Qd5 29. Nd2 Na4 30. Nf1 Qb3 31. Bc1 h6 32. Ne3 Bg5 33. f4 Bf6 34.
Qc2 Qxc2 35. Nxc2 Nc5 36. Ne1 Kf8 37. Kf2 Ke7 38. Ke2 Kd6 39. Nd3 Nxd3 40. Kxd3
Kd5 41. b3 Be7 42. c4+ bxc4+ 43. bxc4+ Kc6 44. Bb2 f6 45. a4 Bc5 46. h3 Bf2 47.
g4 Bg3 48. f5 e5 49. Ba3 Bf4 50. Bf8 Bg5 51. Bxg7 Kc5 52. Bf8+ Kc6 53. Ke4 Bd2
54. Be7 Bg5 55. Bf8 Kc7 56. Kd5 Kd7 57. c5 Kc7 58. c6 Kc8 59. Be7 Kc7 60. Bd6+
Kc8 61. Kc5 e4 62. Bg3 e3 63. Kb6 e2 64. Be1 Be3+ 65. Kxa6 Kc7 66. Kb5 Ba7 67.
a5 Be3 68. a6 Ba7 69. Bg3+ Kc8 70. Kc4 Bb8 71. Be1 Ba7 72. Kd3 Kc7 73. Kxe2 Kxc6
74. Bd2 Kb5 75. Bxh6 Kxa6 76. Kd3 Bb8 77. Ke4 Be5 78. Kd5 Kb7 79. Ke6 Kc8 80.
Bg7 Kd8 81. Bxf6+ Bxf6 82. Kxf6 Ke8 83. Kg7 {Black resigns} 1-0